 Dungeon Crawl Stone Soup version 0.27-a0-54-g64bdb92e38 (webtiles) character file.

Game seed: 7508738844130466163

13211 Borgoz the Fighter (level 12, -9/76 HPs)
             Began as a Gargoyle Gladiator on Jan 7, 2021.
             Was a Follower of Ashenzari.
             Mangled by a cyclops (15 damage)
             ... on level 12 of the Dungeon.
             The game lasted 00:24:19 (11510 turns).

Borgoz the Fighter (Gargoyle Gladiator)            Turns: 11510, Time: 00:24:19

Health: -9/76      AC: 24    Str: 21    XL:     12   Next: 3%
Magic:  16/16      EV: 15    Int: 10    God:    Ashenzari [*.....]
Gold:   573        SH:  0    Dex: 12    Spells: 14/17 levels left

rFire    + + .     SeeInvis .   a - +1 flail
rCold    . . .     Faith    .   (no shield)
rNeg     + . .     Spirit   .   t - +1 chain mail {rF+}
rPois    ∞         Reflect  .   c - +0 helmet
rElec    +         Harm     .   z - scarf {repulsion}
rCorr    .         Rampage  .   I - +0 pair of gloves
Will     .....                  n - +1 pair of boots
Stlth    ..........             g - amulet of regeneration
HPRegen  0.62/turn              j - +4 ring of evasion
MPRegen  0.15/turn              x - ring of protection from fire

@: repel missiles
A: negative energy resistance 1, electricity resistance, unbreathing,
petrification resistance, miasma immunity, AC +8
a: Renounce Religion, Curse Item, Scrying


You were on level 12 of the Dungeon.
You worshipped Ashenzari.
Ashenzari was aware of your devotion.
You visited 2 branches of the dungeon, and saw 13 of its levels.
You also visited: Sewer.

You collected 573 gold pieces.

Inventory:

Hand Weapons
 a - a +1 flail (weapon)
Missiles
 y - a throwing net (quivered)
Armour
 c - a +0 helmet (worn)
 n - a +1 pair of boots (worn)
 t - a +1 chain mail of fire resistance (worn)
 z - a scarf of repulsion (worn)
 G - a scarf of harm
 I - a +0 pair of gloves (worn)
Jewellery
 g - an amulet of regeneration (around neck)
 h - an uncursed ring of see invisible
 j - a +4 ring of evasion (left hand)
 q - an uncursed ring of resist corrosion
 x - a ring of protection from fire (right hand)
 D - an uncursed amulet of magic regeneration
 F - an uncursed ring of fire
 J - an uncursed ring of protection from cold
Wands
 b - a wand of disintegration (6)
 m - a wand of flame (23)
 r - a wand of paralysis (24)
 s - a wand of digging (13)
Scrolls
 d - a scroll of amnesia
 e - 7 scrolls of teleportation
 i - a scroll of fear
 k - 4 scrolls of remove curse
 p - a scroll of enchant weapon
 A - 2 scrolls of silence
 B - 3 scrolls of magic mapping
 C - a scroll of noise {unknown}
 E - a scroll of holy word {unknown}
Potions
 f - a potion of cancellation
 l - a potion of flight
 o - a potion of might {unknown}
 u - a potion of attraction {unknown}
 v - 2 potions of resistance
 w - a potion of brilliance
 H - a potion of curing


   Skills:
 + Level 9.6 Fighting
 + Level 9.1 Maces & Flails
 - Level 7.3 Throwing
 * Level 5.7 Armour
 + Level 7.6 Dodging
 + Level 4.3 Stealth
 + Level 3.1 Spellcasting
 + Level 3.1 Hexes
 + Level 3.1 Evocations


You had 14 spell levels left.
You knew the following spells:

 Your Spells              Type           Power        Failure   Level
a - Confusing Touch       Hex            7%           89%         3

Your spell library contained the following spells:

 Spells                   Type           Power        Failure   Level
 Magic Dart               Conj           4%           93%         1
 Sandblast                Erth           2%           93%         1
 Passwall                 Tmut/Erth      0%           98%         2
 Searing Ray              Conj           2%           98%         2
 Dazzling Flash           Conj/Hex       8%           98%         3
 Gell's Gravitas          Tloc           0%           100%        3
 Stone Arrow              Conj/Erth      2%           100%        3
 Fulminant Prism          Conj/Hex       2%           100%        4
 Iskenderun's Mystic Bla  Conj/Tloc      1%           100%        4
 Petrify                  Tmut/Erth      1%           100%        4
 Lee's Rapid Deconstruct  Erth           0%           100%        5
 Metabolic Englaciation   Hex/Ice        2%           100%        5
 Yara's Violent Unravell  Hex/Tmut       2%           100%        5


Dungeon Overview and Level Annotations

Branches:
Dungeon (12/15)            Temple (1/1) D:7            Lair (0/6) D:10
    Orc (0/2) D:10          Sewer (visited)

Altars:
Ashenzari
Cheibriados
Dithmenos
Elyvilon
Fedhas
Gozag
Hepliaklqana
Kikubaaqudgha
Makhleb
Nemelex Xobeh
Okawaru
Qazlal
Ru
Sif Muna
Trog
Uskayaw
Vehumet
Wu Jian
Xom
Yredelemnul
Zin
The Shining One

Shops:
D:6 *   D:9 (


Innate Abilities, Weirdness & Mutations

You are resistant to torment.
Your stone body is resilient. (AC +8)
You are immune to poison.
You resist negative energy. (rN+)
You are resistant to electric shocks. (rElec)
You can survive without breathing.
You are immune to petrification.
You are immune to miasma.


Message History

The cyclops is moderately wounded.
The cyclops completely misses you.
You hit the cyclops but do no damage.
The cyclops is moderately wounded.
You hit the cyclops.
The cyclops is moderately wounded.
The cyclops closely misses you.
You sock the cyclops!
The cyclops is heavily wounded.
The cyclops hits you.
You hit the cyclops.
The cyclops is heavily wounded.
You hit the cyclops but do no damage.
The cyclops is heavily wounded.
The cyclops hits you!!
* * * LOW HITPOINT WARNING * * *
You hit the cyclops but do no damage.
The cyclops is heavily wounded.
The cyclops hits you!
You die...

... ...... ..#
......# ..###
....... #...### #
#..... #.....#.#
#..... #.......#
###....##(...#..#
#.......#<)......
#.....C@()).....#
...<.........#..#
##...............
###.#..........#
#######.###... ##
... .#


You could see a cyclops.

Vanquished Creatures
  A boulder beetle (D:11)
  2 two-headed ogres (D:9)
  An unseen horror (D:11)
  An elephant (D:10)
  Joseph (D:7)
  A troll (D:12)
  Grinder (D:3)
  A hornet (D:8)
  2 shadows (D:10)
  4 yaks (D:11)
  Sigmund (D:5)
  A wraith (D:10)
  2 wyverns
  A basilisk (D:10)
  2 steam dragons
  2 black bears (D:10)
  4 ice beasts
  5 sky beasts
  8 orc warriors
  10 ogres
  A phantom (D:10)
  5 centaurs
  7 big kobolds
  3 bullfrogs
  A wyvern zombie (D:7)
  2 wyvern skeletons
  7 scorpions
  A water moccasin skeleton (D:5)
  2 troll zombies (D:10)
  7 killer bees
  5 wights (D:6)
  4 vampire bats (D:3)
  6 electric eels (D:5)
  2 howler monkeys
  A centaur zombie (D:11)
  9 hounds
  A quasit (D:10)
  3 jellies
  13 orc wizards
  2 centaur skeletons
  10 orc priests
  A bullfrog skeleton (D:10)
  Ijyb (D:3)
  9 iguanas
  7 worker ants
  A killer bee zombie (D:9)
  6 ogre zombies (D:10)
  A hound zombie (D:5)
  A worker ant zombie (D:11)
  16 adders
  4 river rats (D:4)
  2 shadow imps
  2 white imps (D:9)
  2 ufetubi
  3 oozes
  3 adder skeletons
  7 worms
  A dart slug (D:4)
  8 leopard geckos
  38 orcs
  4 giant cockroaches
  4 hobgoblins
  9 jackals
  16 kobolds
  6 quokkas
  5 ball pythons
  12 bats
  7 frilled lizards
  6 goblins
  2 goblin skeletons (D:10)
  A goblin zombie (D:10)
  2 hobgoblin skeletons (D:10)
  2 hobgoblin zombies (D:10)
  A jackal zombie (D:7)
  A leopard gecko zombie (D:6)
  4 orc skeletons (D:10)
  14 orc zombies (D:10)
  15 rats
367 creatures vanquished.

Vanquished Creatures (others)
  An orc (D:9)
  4 plants (D:5)
5 creatures vanquished.

Grand Total: 372 creatures vanquished

Notes
Turn   | Place    | Note
-------+----------+-------------------------------------------
     0 | D:1      | Borgoz the Gargoyle Gladiator began the quest for the Orb.
     0 | D:1      | Reached XP level 1. HP: 12/12 MP: 1/1
    34 | D:1      | Reached XP level 2. HP: 8/18 MP: 2/2
   601 | D:1      | Reached XP level 3. HP: 22/22 MP: 3/3
  1289 | D:2      | Reached XP level 4. HP: 27/28 MP: 4/4
  1552 | D:2      | Found an ornate altar of the Wu Jian Council.
  1601 | D:2      | Found a stormy altar of Qazlal.
  1930 | D:3      | Noticed Grinder
  1935 | D:3      | Paralysed by Grinder for 5 turns
  1953 | D:3      | Paralysed by Grinder for 7 turns
  1965 | D:3      | Killed Grinder
  1966 | D:3      | Reached XP level 5. HP: 26/33 MP: 5/5
  1966 | D:3      | Reached XP level 6. HP: 30/38 MP: 6/6
  2028 | D:3      | Noticed Ijyb
  2038 | D:3      | Killed Ijyb
  2254 | D:3      | Reached XP level 7. HP: 43/44 MP: 7/7
  2352 | D:3      | Found a shimmering blue altar of Sif Muna.
  2778 | D:4      | Reached skill level 5 in Maces & Flails
  2882 | D:4      | Reached skill level 5 in Fighting
  2913 | D:4      | Found a glowing drain.
  2920 | Sewer    | Entered a sewer
  3056 | Sewer    | Reached XP level 8. HP: 49/49 MP: 8/8
  3853 | D:4      | Reached skill level 5 in Throwing
  4233 | D:5      | Entered Level 5 of the Dungeon
  4263 | D:5      | Reached skill level 5 in Dodging
  4440 | D:5      | Reached XP level 9. HP: 41/56 MP: 9/9
  4672 | D:5      | Noticed Sigmund
  4686 | D:5      | Killed Sigmund
  4703 | D:5      | Found a snail-covered altar of Cheibriados.
  6046 | D:6      | Found Ustacik's Mass Market.
  6272 | D:6      | Found a glowing silver altar of Zin.
  6377 | D:6      | Reached XP level 10. HP: 64/64 MP: 10/10
  6794 | D:7      | Noticed Joseph
  6814 | D:7      | Killed Joseph
  7099 | D:7      | Found a staircase to the Ecumenical Temple.
  7127 | Temple   | Entered the Ecumenical Temple
  7202 | Temple   | Became a worshipper of Ashenzari the Shackled
  7263 | D:7      | Noticed a moth of wrath
  7267 | D:7      | Found a bloodstained altar of Trog.
  7466 | D:7      | Found a snail-covered altar of Cheibriados.
  7537 | D:7      | Found an ancient bone altar of Kikubaaqudgha.
  7640 | D:8      | Got the uncursed chain mail "Gefate" {rN+}
  7659 | D:8      | Identified the +4 chain mail "Gefate" {rN+} (You found it
                  | on level 8 of the Dungeon)
  8018 | D:8      | Learned a level 3 spell: Confusing Touch
  8165 | D:8      | Reached skill level 1 in Armour
  8297 | D:9      | Reached skill level 1 in Stealth
  8327 | D:9      | Found a blossoming altar of Fedhas.
  8345 | D:9      | Found a hazy altar of Hepliaklqana.
  8357 | D:9      | Reached * piety under Ashenzari
  8488 | D:9      | Reached skill level 1 in Spellcasting
  8503 | D:9      | Found Nabba's Antique Weapon Shop.
  8541 | D:9      | Noticed a two-headed ogre
  8553 | D:9      | Killed a two-headed ogre
  8554 | D:9      | Reached skill level 1 in Hexes
  8554 | D:9      | Reached skill level 1 in Evocations
  8554 | D:9      | Reached XP level 11. HP: 46/71 MP: 11/13
  8899 | D:9      | Found a radiant altar of Vehumet.
  9006 | D:9      | Noticed a two-headed ogre
  9027 | D:9      | Killed a two-headed ogre
  9411 | D:10     | Entered Level 10 of the Dungeon
  9586 | D:10     | Found a staircase to the Orcish Mines.
 10303 | D:10     | Found a staircase to the Lair.
 10562 | D:11     | Found a white marble altar of Elyvilon.
 10804 | D:11     | Reached skill level 5 in Armour
 11075 | D:11     | Noticed a boulder beetle
 11095 | D:11     | Killed a boulder beetle
 11098 | D:11     | HP: 4/106 [orc warrior/+2 scimitar of draining (9)]
 11365 | D:11     | Killed an unseen horror
 11366 | D:11     | Reached XP level 12. HP: 70/76 MP: 16/16
 11510 | D:12     | Mangled by a cyclops

Illustrated notes

Levels and vault maps discovered:
D:1:      scummos_arrival_simple_fountains, layout_basic
D:2:      layout_loops_corners, nicolae_qazlal_eye_of_the_storm,
          nzn_wu_jian_contemplation
D:3:      layout_basic, roderic_batcave, minivault_25, lemuel_blue_sif_altar,
          uniq_ijyb, uniq_grinder
D:4:      layout_loops_corners, portal_sewer_entry_e
D:5:      cheibrodos_two_vegetables, layout_basic, lemuel_round_altar,
          uniq_sigmund
D:6:      layout_basic, serial_co_window_serial, co_window_corner_a,
          co_window_paths_a, co_window_corner_a, co_window_paths_b,
          co_window_of_opportunity_a, co_window_paths_c,
          co_window_of_opportunity_b, co_window_broadway_b,
          co_window_broadway_a, co_window_paths_d, glass_columns_b,
          glass_columns_c, glass_columns_c, kennysheep_flooded_box,
          minmay_shop_mass
D:7:      layout_loops_ring, tgw_trog, general_overflow_altar,
          minmay_temple_entry_metal_lava, basic_altar, uniq_joseph
D:8:      layout_rooms, minivault_25, kennysheep_generic_room_14
D:9:      layout_stronghold, kennysheep_little_box, lemuel_round_altar,
          vehumet_altar_wand_db, serial_shops, kennysheep_mini_moat
D:10:     layout_roguey, david_lair_generic, zombieorc2_lemuel,
          nicolae_water_bricks
D:11:     layout_roguey, basic_altar, hangedman_corner_corridor
D:12:     layout_cave_pools, eino_small_chamber_without_monster, uniq_azrael
Temple:   eino_temple_lava

Skill      XL: |  1  2  3  4  5  6  7  8  9 10 11 |
---------------+----------------------------------+-----
Throwing       | 2 3 4 5 6 7 |  7.3
Fighting       | 3 4 5 6 7 9 |  9.6
Dodging        | 3 4 5 6 7 |  7.6
Maces & Flails | 4 5 6 7 8 9 |  9.1
Armour         | 2 5 |  5.7
Stealth        | 2 4 |  4.3
Spellcasting   | 1 3 |  3.1
Hexes          | 1 3 |  3.1
Evocations     | 1 3 |  3.1

Action                   |  1- 3 |  4- 6 |  7- 9 | 10-12 || total
-------------------------+-------+-------+-------+-------++-------
Melee: Flail             |   105 |   146 |   753 |  1018 ||  2022
Throw: Throwing net      |       |     1 |     6 |       ||     7
Evoke: Wand              |       |       |     3 |       ||     3
  Use: Scroll            |       |     7 |    11 |     4 ||    22
       Potion            |       |     2 |     2 |     7 ||    11
 Stab: Sleeping          |     1 |       |       |       ||     1
       Held in net/web   |       |     2 |     3 |       ||     5
Armor: Leather armour    |    56 |     2 |       |       ||    58
       Ring mail         |       |   104 |   422 |    39 ||   565
       Chain mail        |       |       |       |   858 ||   858
       Plate armour      |       |       |       |    47 ||    47
Dodge: Dodged            |    92 |   129 |   584 |   865 ||  1670
       Repelled          |       |       |       |     5 ||     5

Table legend: (Time is in decaauts)
 A = Elapsed time spent in this place.
 B = Non-inter-level travel time spent in this place.
 C = Inter-level travel time spent in this place.
 D = Time resting spent in this place.
 E = Time spent auto-exploring this place.
 F = Levels seen in this place.
 G = Mean time per level.
                   A        B        C        D        E       F      G
               +--------+--------+--------+--------+--------+-----+--------+
         Total |  11797 |  11441 |    356 |   1469 |   6335 |  14 |  842.6 |
       Dungeon |  10906 |  10559 |    347 |   1469 |   5837 |  12 |  908.8 |
        Temple |     84 |     75 |      9 |      0 |     53 |   1 |   84.0 |
         Sewer |    807 |    807 |      0 |      0 |    445 |   1 |  807.0 |
               +--------+--------+--------+--------+--------+-----+--------+

Top non-repeatable levels by time:
     D:5: 1354 daAuts
     D:9: 1263 daAuts
     D:6: 1161 daAuts
     D:2: 1043 daAuts
     D:4: 1019 daAuts
    D:10: 1011 daAuts
    D:11: 899 daAuts
     D:1: 876 daAuts
     D:7: 822 daAuts
   Sewer: 807 daAuts
     D:3: 750 daAuts
     D:8: 663 daAuts
  Temple: 84 daAuts
    D:12: 41 daAuts
